 Dungeon Crawl Stone Soup version 0.24.0-13-gcf9b3192b9 (webtiles) character file.

Game seed: 2805529115413818299, levelgen mode: deterministic

6793 Delamore the Cleaver (level 11, -2/138 HPs)
             Began as a Hill Orc Monk on Nov 7, 2019.
             Slain by a komodo dragon (7 damage)
             ... on level 1 of the Lair of Beasts.
             The game lasted 00:35:35 (12767 turns).

Delamore the Cleaver (Hill Orc Monk)               Turns: 12767, Time: 00:35:36

Health: -2/138     AC: 25    Str: 18    XL:     11   Next: 5%
Magic:  12/12      EV:  2    Int: 10    God:
Gold:   585        SH: 11    Dex: 15    Spells: 10/10 levels left

rFire    . . .     SeeInvis .   J - +0 war axe
rCold    + . .     Gourm    .   h - +0 shield
rNeg     + + +     Faith    .   (armour currently unavailable)
rPois    +         Spirit   .   (helmet currently unavailable)
rElec    .         Reflect  .   (cloak currently unavailable)
rCorr    .         Harm     .   (gloves currently unavailable)
MR       .....     NoTele   +   (boots currently unavailable)
Stlth    ++........             f - amulet of rage
HPRegen  0.33/turn              m - +2 ring of dexterity
MPRegen  0.13/turn              E - ring of protection from cold

@: tree-form
A: no potion heal 1
a: Evoke Berserk Rage


You were on level 1 of the Lair of Beasts.
You were not hungry.
You were a tree.
You visited 2 branches of the dungeon, and saw 10 of its levels.
You also visited: Sewer and Ossuary.

You collected 585 gold pieces.

Inventory:

Hand Weapons
 F - a +3 trident
 J - a +0 war axe (weapon)
Armour
 a - the cursed +1 robe "Mushreg" (melded) {Str+4 Dex+2 Slay+3}
   (You found it on level 9 of the Dungeon)

   It affects your strength (+4).
   It affects your dexterity (+2).
   It affects your accuracy and damage with ranged weapons and melee attacks
   (+3).
   It has a curse placed upon it.
 h - a +0 shield (worn)
 o - a +0 cloak (melded)
 G - a +3 ring mail of positive energy
Jewellery
 b - an uncursed ring of fire
 f - an amulet of rage (around neck)
 l - an uncursed amulet of regeneration
 m - a +2 ring of dexterity (left branch)
 E - a ring of protection from cold (right branch)
Wands
 g - a wand of iceblast (15)
 k - a wand of digging (11)
 H - a wand of scattershot (9)
Scrolls
 j - 4 scrolls of teleportation
 q - a scroll of acquirement {unknown}
 t - 2 scrolls of magic mapping
 u - a scroll of noise {unknown}
 w - 2 scrolls of fog
 x - a scroll of remove curse
 B - 2 scrolls of enchant weapon {unknown}
 D - a scroll of immolation {unknown}
Potions
 e - 5 potions of curing
 i - 3 potions of flight
 n - 2 potions of resistance
 p - 2 potions of agility
 r - a potion of haste
 v - a potion of invisibility {unknown}
 z - 2 potions of brilliance
 A - 3 potions of lignification
Comestibles
 c - 16 rations
 d - 2 chunks of flesh


   Skills:
 * Level 7.5 Fighting
 + Level 14.8 Axes
 - Level 0.5 Throwing
 * Level 7.1 Armour
 - Level 2.4 Dodging
 - Level 1.5 Stealth
 * Level 8.2 Shields
 + Level 2.1 Evocations


You had 10 spell levels left.
You didn't know any spells.
Your spell library contained the following spells:

 Spells                   Type           Power        Failure   Level  Hunger
 Confusing Touch          Hex            #.....       65%         1    ##.....
 Summon Small Mammal      Summ           #...         65%         1    ##.....
 Call Imp                 Summ           #.......     80%         2    ###....
 Call Canine Familiar     Summ           #.......     95%         3    ####...
 Confuse                  Hex            #.......     95%         3    ####...
 Gell's Gravitas          Tloc           #.........   95%         3    ####...
 Summon Guardian Golem    Hex/Summ       #.......     95%         3    ####...
 Petrify                  Tmut/Erth      #.......     100%        4    #####..
 Summon Ice Beast         Ice/Summ       #.......     100%        4    #####..
 Summon Lightning Spire   Summ/Air       #.......     100%        4    #####..
 Metabolic Englaciation   Hex/Ice        #.........   100%        5    ######.
 Yara's Violent Unravell  Hex/Tmut       #.........   100%        5    ######.


Dungeon Overview and Level Annotations

Branches:
Dungeon (9/15)             Temple (0/1) D:6            Lair (1/6) D:9
  Sewer (visited)         Ossuary (visited)
    Orc: D:9-12

Altars:
Ashenzari
Dithmenos
Makhleb
Nemelex Xobeh
Ru
The Shining One

Shops:
D:5 }

Annotations:
D:3 1 runed translucent door


Innate Abilities, Weirdness & Mutations

((You are partially covered in slimy green scales. (AC +2)))
((Your skin changes colour to match your surroundings (Stealth+).))
Potions are less effective at restoring your health.


Message History

You kill the water moccasin!
You barely miss the komodo dragon.
You feel sick. The komodo dragon bites you!!
* * * LOW HITPOINT WARNING * * *
Aiming: Iceblast
Press: ? - help, Shift-Dir - straight line The mass of ice explodes!
The iceblast engulfs the komodo dragon!
The komodo dragon is moderately wounded.
You feel sick. You block the komodo dragon's attack.
You feel sick.
You see here a water moccasin corpse.
Your system partially rejects the healing.
You feel better. You block the komodo dragon's attack.
You turn into a tree.
Your +0 cloak melds into your body.
The cursed +1 robe "Mushreg" {Str+4 Dex+2 Slay+3} melds into your body.
Your roots penetrate the ground.
The komodo dragon bites you!
* * * LOW HITPOINT WARNING * * *
You slash the komodo dragon!
The komodo dragon is heavily wounded.
The komodo dragon bites you!
You die...

#.÷#.....##...#.......#.....
#..#P....#............P.....
#........##.........[.......
#..#..........#.......#.....
#..##....##...#.......#.....
#..########.......... #.....
#..#######.....#.#P ###.....
#..........l....... ........
#..........♣....... ........
#.................. ........
#..##.#........^... .......÷
#..#.....#......... ........
#..#.....+......... ........
##..#..............#
.###....
#...+.....#.......#. +....
##..#.............+ .. #....
#..#...... ...#....


You could see a komodo dragon.

Vanquished Creatures
  A komodo dragon (Lair:1)
  2 trolls (D:9)
  A hippogriff (D:8)
  Sigmund (D:2)
  A spriggan (D:7)
  3 yaks (D:9)
  2 hungry ghosts (D:9)
  Menkaure (D:6)
  Edmund (D:6)
  The ghost of Mandevil the Skirmisher, an amateur GrEn (D:3)
  3 water moccasins
  Duvessa (D:6)
  2 orc warriors
  2 porcupines (Lair:1)
  An ice beast (D:9)
  An ogre (D:7)
  3 wolves
  A phantom (D:4)
  3 centaurs
  A crocodile (Lair:1)
  3 big kobolds
  3 bullfrogs
  Blork the orc (D:4)
  2 scorpions
  Dowan (D:6)
  4 wights (D:9)
  8 killer bees
  3 electric eels (D:9)
  2 crimson imps (D:5)
  5 howler monkeys
  6 centaur zombies
  10 hounds
  A bullfrog zombie (D:6)
  2 orc wizards
  5 jellies
  Crazy Yiuf (D:2)
  2 bullfrog skeletons
  5 worker ants
  2 ogre zombies (Ossuary)
  A hound skeleton (D:8)
  7 mummies (Ossuary)
  A worker ant zombie (D:5)
  A howler monkey skeleton (D:5)
  3 gnolls (D:6)
  11 adders
  7 river rats
  A shadow imp (D:7)
  An ooze (D:4)
  8 adder zombies
  An adder skeleton (D:6)
  6 worms
  5 leopard geckos
  13 orcs
  8 giant cockroaches
  5 goblins
  3 hobgoblins
  7 jackals
  30 kobolds
  5 quokkas
  A ball python (D:2)
  9 bats
  5 frilled lizards
  2 gnoll zombies (Ossuary)
  3 goblin zombies (Ossuary)
  2 hobgoblin zombies (Ossuary)
  3 kobold zombies (Ossuary)
  2 leopard gecko skeletons
  An orc zombie (Ossuary)
  A quokka skeleton (D:6)
  2 quokka zombies (Ossuary)
  9 rats
  5 rat zombies (Ossuary)
  3 fungi (D:2)
270 creatures vanquished.

Notes
Turn   | Place    | Note
-------+----------+-------------------------------------------
     0 | D:1      | Delamore the Hill Orc Monk began the quest for the Orb.
     0 | D:1      | Reached XP level 1. HP: 19/19 MP: 1/1
   334 | D:1      | Reached XP level 2. HP: 24/26 MP: 2/2
   489 | D:1      | Reached skill level 5 in Axes
  1155 | D:2      | Reached XP level 3. HP: 29/31 MP: 3/3
  1775 | D:2      | Reached skill level 1 in Shields
  1775 | D:2      | Reached XP level 4. HP: 39/39 MP: 4/4
  1835 | D:2      | Reached skill level 6 in Axes
  1843 | D:2      | Noticed Sigmund
  1968 | D:2      | Killed Sigmund
  1968 | D:2      | Reached skill level 7 in Axes
  1968 | D:2      | Reached XP level 5. HP: 24/45 MP: 5/5
  2147 | D:2      | Reached XP level 6. HP: 51/51 MP: 6/6
  2231 | D:2      | Found a runed translucent door.
  2232 | D:2      | Noticed Crazy Yiuf
  2248 | D:2      | Killed Crazy Yiuf
  2600 | D:3      | HP: 2/76 [river rat (4)]
  2617 | D:3      | Found a glowing drain.
  2739 | Sewer    | Entered a sewer
  3011 | Sewer    | Found a white marble altar of Elyvilon.
  3294 | D:3      | Found a shattered altar of Ashenzari.
  3749 | D:3      | Reached XP level 7. HP: 50/57 MP: 7/7
  3787 | D:3      | Found a runed translucent door.
  3789 | D:3      | Noticed Mandevil's ghost (amateur GrEn)
  3804 | D:3      | Killed Mandevil's ghost
  3804 | D:3      | Reached skill level 8 in Axes
  3832 | D:3      | Found a runed translucent door.
  3965 | D:4      | Found a sacrificial altar of Ru.
  3965 | D:4      | Found a sparkling altar of Nemelex Xobeh.
  3970 | D:4      | Found a shadowy altar of Dithmenos.
  3990 | D:4      | Found a sand-covered staircase.
  3998 | Ossuary  | Entered an ossuary
  4453 | Ossuary  | Reached skill level 9 in Axes
  4598 | Ossuary  | Reached skill level 1 in Evocations
  5012 | D:4      | Reached XP level 8. HP: 64/64 MP: 8/8
  5121 | D:4      | Reached skill level 10 in Axes
  5309 | D:4      | Noticed Blork the orc
  5316 | D:4      | Killed Blork the orc
  5665 | D:5      | Entered Level 5 of the Dungeon
  5703 | D:5      | Found Bahell's Gadget Emporium.
  5811 | D:5      | Reached skill level 11 in Axes
  6547 | D:5      | Gained mutation: Your skin changes colour to match your
                  | surroundings (Stealth+). [potion of mutation]
  6547 | D:5      | Gained mutation: Potions are less effective at restoring
                  | your health. [potion of mutation]
  6547 | D:5      | Gained mutation: You are partially covered in slimy green
                  | scales. (AC +2) [potion of mutation]
  6549 | D:6      | Noticed Edmund
  6603 | D:6      | HP: 3/64 [Edmund/+3 dire flail of protection (7)]
  6619 | D:6      | Killed Edmund
  6929 | D:6      | Reached skill level 12 in Axes
  7334 | D:6      | Found a staircase to the Ecumenical Temple.
  7420 | D:6      | Reached XP level 9. HP: 61/70 MP: 9/9
  7423 | D:6      | Noticed Dowan
  7423 | D:6      | Noticed Duvessa
  7438 | D:6      | Killed Dowan
  7438 | D:6      | Reached skill level 13 in Axes
  7442 | D:6      | Killed Duvessa
  7530 | D:6      | Noticed Menkaure
  7554 | D:6      | Killed Menkaure
  8411 | D:7      | Found a glowing golden altar of the Shining One.
  8411 | D:7      | Found a burning altar of Makhleb.
  8465 | D:7      | Reached skill level 14 in Axes
  9318 | D:7      | Reached skill level 5 in Fighting
  9318 | D:7      | Reached skill level 5 in Shields
  9615 | D:8      | Reached skill level 5 in Armour
  9861 | D:8      | Reached XP level 10. HP: 77/81 MP: 11/11
 10402 | D:9      | Got a shimmering robe
 10726 | D:9      | HP: 3/84 [yak (14)]
 11061 | D:9      | Identified the cursed +1 robe "Mushreg" {Str+4 Dex+2
                  | Slay+3} (You found it on level 9 of the Dungeon)
 11098 | D:9      | Found a staircase to the Lair.
 11135 | D:8      | HP: 1/84 [killer bee (8)]
 12350 | Lair:1   | Entered Level 1 of the Lair of Beasts
 12758 | Lair:1   | Reached XP level 11. HP: 38/92 MP: 12/12
 12766 | Lair:1   | HP: 4/138 [komodo dragon (17)]
 12767 | Lair:1   | Slain by a komodo dragon

Levels and vault maps discovered:
D:1:      nzn_arrival_depleted_hourglass, layout_loops_ring
D:2:      minmay_chambers_of_ones, layout_rooms, minmay_tripent,
          uniq_crazy_yiuf_cottage, uniq_sigmund
D:3:      layout_loops_cross, ashenzari_conservatory_becter,
          ebering_ghost_sewer_f, gup_sewer_entry_bubbles
D:4:      layout_basic, grunt_temple_overflow_open, first_ration,
          nicolae_ossuary_entry_plus, corexii_shack, uniq_blork_the_orc
D:5:      layout_basic, serial_shops, kennysheep_little_box
D:6:      layout_rooms, minmay_temple_entry_mist,
          hangedman_abyss_or_decor_passed, uniq_edmund, uniq_menkaure,
          uniq_duvessa
D:7:      layout_loops_cross, gammafunk_temple_overflow_pools, the_bakery
D:8:      kennysheep_six_static_rooms, layout_basic
D:9:      layout_rooms, erik_lair_island
Lair:1:   layout_regular_city

Skill      XL: |  1  2  3  4  5  6  7  8  9 10 |
---------------+-------------------------------+-----
Axes           | 5 7 9 12 14 | 14.8
Shields        | 1 2 3 5 8 |  8.2
Armour         | 2 3 5 7 |  7.1
Evocations     | 1 2 |  2.1
Fighting       | 5 7 |  7.5
Throwing       | |  0.5
Dodging        | |  2.4
Stealth        | |  1.5

Action                   |  1- 3 |  4- 6 |  7- 9 | 10-12 || total
-------------------------+-------+-------+-------+-------++-------
Melee: Hand axe          |   146 |   232 |   841 |    14 ||  1233
       War axe           |       |       |       |   264 ||   264
Throw: Dart              |       |       |     3 |     4 ||     7
 Abil: Evoke Berserk Rag |       |     1 |     2 |     1 ||     4
Evoke: Wand              |       |       |     5 |    13 ||    18
  Use: Scroll            |       |     7 |     8 |     3 ||    18
       Potion            |       |     2 |     4 |     8 ||    14
 Stab: Sleeping          |     3 |       |     3 |     1 ||     7
       Invisible         |       |     1 |       |       ||     1
       Distracted        |       |       |     1 |       ||     1
  Eat: Chunk             |     3 |     7 |    16 |     9 ||    35
       Ration            |       |       |     2 |     1 ||     3
Armor: Plate armour      |    67 |   122 |   245 |       ||   434
       Robe              |    11 |       |       |    16 ||    27
       Skin              |       |     5 |       |    40 ||    45
       Ring mail         |       |       |    71 |    51 ||   122
Dodge: Dodged            |    43 |    18 |   125 |   106 ||   292
Block: Shield            |    44 |    87 |   276 |   186 ||   593
